 Dungeon Crawl Stone Soup version 0.24.0-13-gcf9b3192b9 (webtiles) character file.

Game seed: 12881892525924974629, levelgen mode: deterministic

77 EmberCloud the Charmwright (level 4, 0/38 HPs)
             Began as a Gnoll Skald on Nov 10, 2019.
             Slain by a worm (9 damage)
             ... on level 2 of the Dungeon.
             The game lasted 00:05:45 (955 turns).

EmberCloud the Charmwright (Gnoll Skald)             Turns: 955, Time: 00:05:45

Health: 0/38       AC:  3    Str: 14    XL:     4   Next: 33%
Magic:  4/11       EV: 14    Int: 16    God:
Gold:   122        SH:  0    Dex: 14    Spells: 12/13 levels left

rFire    . . .     SeeInvis .   a - +0 falchion
rCold    . . .     Gourm    .   (no shield)
rNeg     . . .     Faith    .   b - +0 leather armour
rPois    .         Spirit   .   (no helmet)
rElec    .         Reflect  .   (no cloak)
rCorr    .         Harm     .   (no gloves)
MR       .....                  (no boots)
Stlth    +.........             (no amulet)
HPRegen  0.12/turn              (no ring)
MPRegen  0.12/turn              (no ring)

@: no status effects
A: distributed training, fangs 1, strong nose
a: no special abilities


You were on level 2 of the Dungeon.
You were not hungry.

You visited 1 branch of the dungeon, and saw 2 of its levels.

You collected 122 gold pieces.

Inventory:

Hand Weapons
 a - a +0 falchion (weapon)
 f - a +0 dagger of venom
Armour
 b - a +0 leather armour (worn)
Jewellery
 h - an uncursed ring of flight {unknown}
Scrolls
 c - a scroll of enchant armour {unknown}
 e - 2 scrolls of noise {unknown}
 i - a scroll of remove curse {unknown}
Potions
 g - a potion of curing {unknown}
 j - a potion of invisibility {unknown}
Comestibles
 d - 2 rations


   Skills:
 + Level 4.6 Fighting
 + Level 1.1 Short Blades
 + Level 4.6 Long Blades
 + Level 1.1 Axes
 + Level 1.1 Maces & Flails
 + Level 1.1 Polearms
 + Level 1.1 Staves
 + Level 1.1 Slings
 + Level 1.1 Bows
 + Level 1.1 Crossbows
 + Level 1.1 Throwing
 + Level 2.7 Armour
 + Level 4.6 Dodging
 + Level 1.1 Stealth
 + Level 1.1 Shields
 + Level 1.1 Unarmed Combat
 + Level 5.0 Spellcasting
 + Level 0.8 Conjurations
 + Level 0.8 Hexes
 + Level 5.4 Charms
 + Level 0.8 Summonings
 + Level 0.8 Necromancy
 + Level 0.8 Translocations
 + Level 0.8 Transmutations
 + Level 0.8 Fire Magic
 + Level 0.8 Ice Magic
 + Level 0.8 Air Magic
 + Level 0.8 Earth Magic
 + Level 0.8 Poison Magic
 + Level 1.2 Invocations
 + Level 1.1 Evocations


You had 12 spell levels left.
You knew the following spells:

 Your Spells              Type           Power        Failure   Level  Hunger
a - Infusion              Chrm           ###.         1%          1    None

Your spell library contained the following spells:

 Spells                   Type           Power        Failure   Level  Hunger
 Song of Slaying          Chrm           ###.....     3%          2    #......
 Shroud of Golubria       Chrm/Tloc      ##....       8%          2    #......
 Regeneration             Chrm/Necr      ##........   16%         3    ###....
 Spectral Weapon          Hex/Chrm       ##......     16%         3    ###....


Dungeon Overview and Level Annotations

Branches:
Dungeon (2/15)

Altars:
Hepliaklqana


Innate Abilities, Weirdness & Mutations

Your experience applies equally to all skills.
You have very sharp teeth.
Your uncanny sense of smell can sniff out nearby items.


Message History

The worm bites you.
* * * LOW HITPOINT WARNING * * *
You hit the worm.
The worm is lightly wounded.
You hit the worm.
The worm is lightly wounded.
The worm barely misses you.
You riposte.
You hit the worm.
The worm is lightly wounded.
You barely miss the worm.
The worm is lightly wounded.
The worm misses you.
You barely miss the worm.
The worm is lightly wounded.
The worm misses you.
You hit the worm.
The worm is moderately wounded.
You hit the worm.
The worm is heavily wounded.
The worm bites you!
You die...

.........##. ### #..
....#.. #.. ... .....
####.# #.# #.. #....#
#.# #####)
#....#####.# #.....
#..........#####.###.
#...>........†.......
#...@#########.####..
#.##w# #.# #.. # #.#
#.# #.# #.# #.# #.
#.# #.# .. #.. #.#
#.. #.# ∆∆...
#........ #........


You could see a worm.

Vanquished Creatures
  2 adders (D:2)
  2 worms (D:2)
  4 dart slugs
  2 leopard geckos (D:1)
  7 bats
  2 hobgoblins
  8 jackals (D:1)
  5 kobolds
  A ball python (D:2)
  A frilled lizard (D:1)
  4 goblins
  6 rats
44 creatures vanquished.

Notes
Turn   | Place    | Note
-------+----------+-------------------------------------------
     0 | D:1      | EmberCloud the Gnoll Skald began the quest for the Orb.
     0 | D:1      | Reached XP level 1. HP: 20/20 MP: 6/6
   112 | D:1      | Reached XP level 2. HP: 21/26 MP: 3/7
   282 | D:1      | Reached XP level 3. HP: 18/31 MP: 5/9
   343 | D:1      | Reached skill level 5 in Spellcasting
   766 | D:2      | Reached skill level 1 in Invocations
   832 | D:2      | Reached skill level 1 in Short Blades
   832 | D:2      | Reached skill level 1 in Axes
   832 | D:2      | Reached skill level 1 in Maces & Flails
   832 | D:2      | Reached skill level 1 in Polearms
   832 | D:2      | Reached skill level 1 in Staves
   832 | D:2      | Reached skill level 1 in Slings
   832 | D:2      | Reached skill level 1 in Bows
   832 | D:2      | Reached skill level 1 in Crossbows
   832 | D:2      | Reached skill level 1 in Throwing
   832 | D:2      | Reached skill level 1 in Stealth
   832 | D:2      | Reached skill level 1 in Shields
   832 | D:2      | Reached skill level 1 in Unarmed Combat
   832 | D:2      | Reached skill level 1 in Evocations
   877 | D:2      | Found a hazy altar of Hepliaklqana.
   893 | D:2      | Reached XP level 4. HP: 18/38 MP: 3/11
   955 | D:2      | Slain by a worm

Levels and vault maps discovered:
D:1:      shiori_arrival_maze, layout_loops_ring, hangedman_decor_lopped
D:2:      layout_basic, nicolae_overflow_crystal_walls, tso_oasis_becter,
          uniq_sigmund

Skill      XL: |  1  2  3 |
---------------+----------+-----
Spellcasting   | 5 |  5.0
Invocations    | 1 |  1.2
Short Blades   | 1 |  1.1
Axes           | 1 |  1.1
Maces & Flails | 1 |  1.1
Polearms       | 1 |  1.1
Staves         | 1 |  1.1
Slings         | 1 |  1.1
Bows           | 1 |  1.1
Crossbows      | 1 |  1.1
Throwing       | 1 |  1.1
Stealth        | 1 |  1.1
Shields        | 1 |  1.1
Unarmed Combat | 1 |  1.1
Evocations     | 1 |  1.1
Fighting       | |  4.6
Long Blades    | |  4.6
Armour         | |  2.7
Dodging        | |  4.6
Conjurations   | |  0.8
Hexes          | |  0.8
Charms         | |  5.4
Summonings     | |  0.8
Necromancy     | |  0.8
Translocations | |  0.8
Transmutations | |  0.8
Fire Magic     | |  0.8
Ice Magic      | |  0.8
Air Magic      | |  0.8
Earth Magic    | |  0.8
Poison Magic   | |  0.8

Action                   |  1- 3 |  4- 6 || total
-------------------------+-------+-------++-------
Melee: Falchion          |    79 |    21 ||   100
       Bite              |     4 |       ||     4
       Punch             |     1 |       ||     1
 Cast: Infusion          |     5 |     1 ||     6
 Stab: Sleeping          |     1 |       ||     1
Armor: Leather armour    |    37 |     4 ||    41
Dodge: Dodged            |    82 |    13 ||    95
       Rpst.: Falchion   |    25 |     6 ||    31
